 Seeded DCSS version 0.29-a0-876-gfc89b1a5bd (webtiles) character file.

Game seed: 8897551386731462229 (custom seed)

20 wilfster70 the Shield-Bearer (level 2, 29/29 HPs)
             Began as a Troll Fighter on July 19, 2022.
             Quit the game on level 1 of the Dungeon.
             The game lasted 00:01:30 (365 turns).

wilfster70 the Shield-Bearer (Troll Fighter)         Turns: 365, Time: 00:01:30

Health: 29/29      AC:  4    Str: 23    XL:     2   Next: 58%
Magic:  1/1        EV:  8    Int:  4    God:
Gold:   83         SH:  7    Dex:  9    Spells: 1/1 levels left

rFire   . . .      SeeInvis .     - Unarmed
rCold   . . .      Faith    .   b - +0 kite shield
rNeg    . . .      Spirit   .   a - +0 robe
rPois   .          Reflect  .   (helmet restricted)
rElec   .          Harm     .   (no cloak)
rCorr   .          Rampage  .   (gloves unavailable)
Will    .....                   (boots unavailable)
Stlth   +.........              (no amulet)
HPRegen 0.89/turn               (no ring)
MPRegen 0.07/turn               (no ring)

@: no status effects
A: large, unfitting armour, claws 3, regeneration 1, shaggy fur 1, tough skin 1
a: no special abilities


You were on level 1 of the Dungeon.
You visited 1 branch of the dungeon, and saw 1 of its levels.

You collected 83 gold pieces.

Inventory:

Armour
 a - a +0 robe (worn)
 b - a +0 kite shield (worn)
 e - the +6 tower shield "Amoheg" {rElec rF- Dex+4}
   (You acquired it on level 1 of the Dungeon)

   Dex:       It affects your dexterity (+4).
   rF:        It makes you vulnerable to fire.
   rElec:     It insulates you from electricity.
Scrolls
 f - a scroll of enchant armour {unknown}
 g - 2 scrolls of poison {unknown}
 i - a scroll of noise {unknown}
Potions
 c - a potion of might
 d - a potion of curing {unknown}


   Skills:
 + Level 2.6 Fighting
 + Level 2.6 Dodging
 + Level 2.9 Shields
 * Level 2.5 Unarmed Combat


You had one spell level left.
You didn't know any spells.
Your spell library contained the following spells:

 Spells                   Type           Power      Damage    Failure   Level
 Apportation              Tloc           0%         N/A       80%         1
 Necrotise                Necr           0%         1d4       80%         1
 Summon Small Mammal      Summ           0%         N/A       80%         1


Dungeon Overview and Level Annotations

Branches:
Dungeon (1/15)

Altars:


Innate Abilities, Weirdness & Mutations

You are too large for most types of armour.
You have claws for hands.
Your natural rate of healing is unusually fast.
You are covered in fur. (AC +1)
You have tough skin. (AC +1)


Message History

You closely miss the frilled lizard. The frilled lizard bites you.
You closely miss the frilled lizard. The frilled lizard bites you.
The frilled lizard bites you but does no damage.
You miss the frilled lizard. The frilled lizard bites you.
You barely miss the frilled lizard. You block the frilled lizard's attack.
You barely miss the frilled lizard. You block the frilled lizard's attack.
You barely miss the frilled lizard. You block the frilled lizard's attack.
You claw the frilled lizard!
You kill the frilled lizard!
g - a scroll labelled TANIPI VUNG You see here a frilled lizard corpse.
h - a scroll labelled UCVAEQEECA
i - a scroll labelled SEAPEI FOCOSA An endoplasm and a frilled lizard come into view.
The endoplasm quivers.
You scratch the endoplasm.
The endoplasm is heavily wounded.
The frilled lizard hisses angrily.
The endoplasm hits you but does no damage.
You completely miss the endoplasm.
The endoplasm is heavily wounded.
The endoplasm freezes you.
You are frozen.
You claw the endoplasm!
You kill the endoplasm!
You claw the frilled lizard!
You kill the frilled lizard!
No target in view!
You now have 83 gold pieces (gained 14).
g - 2 scrolls labelled TANIPI VUNG (gained 1)
j - a scroll of acquirement You see here a jackal corpse.
Things that are here:
a frilled lizard corpse; a jackal corpse
Found 5 stones.
As you read the scroll labelled UCVAEQEECA, it crumbles to dust.
You feel aware of your surroundings.
It was a scroll of magic mapping.
Something appears at your feet!
Unknown command.
Are you sure you want to abandon this character and quit the game? (Confirm with "yes".)

..# ##.......[.#,*
..# #..........#,*
..# #..........#,*
..# #..........#,*
..###*#...⌠..##....#
..+...#......#######
..#*#.#......# ..#
#...###########**
..#####.........@.#,*
......#......####.#,*
..###...#....# *.#,*
....÷........# *(#,*
...÷####.....# *..,*
....# #.....# *##**
....####.....#
.###.#.####.^# .#
##.#.# #..#


There were no monsters in sight!

Vanquished Creatures
  A dart slug (D:1)
  A bat (D:1)
  3 endoplasms (D:1)
  2 hobgoblins (D:1)
  4 jackals (D:1)
  A kobold (D:1)
  3 frilled lizards (D:1)
15 creatures vanquished.

Notes
Turn   | Place    | Note
-------+----------+-------------------------------------------
     0 | D:1      | wilfster70 the Troll Fighter began the quest for the Orb.
     0 | D:1      | Reached XP level 1. HP: 22/22 MP: 0/0
    97 | D:1      | Reached XP level 2. HP: 29/29 MP: 1/1
   182 | D:1      | Identified a scroll of acquirement
   182 | D:1      | Acquired the +6 tower shield "Amoheg" {rElec rF- Dex+4}
   364 | D:1      | Acquired the +3 ice dragon scales "Efuacu Poda" {rPois rF-
                  | rC++ Str+4 Dex-3 Slay+3}
   365 | D:1      | Quit the game

Illustrated notes

Levels and vault maps discovered:
D:1:      lemuel_arrival_behind_the_door_large, layout_basic, minivault_24,
          dreamdust_wishing_well, moated_statue, minmay_hedge_maze

Action                   || total
-------------------------++-------
Melee: Unarmed           ||    48
  Use: Scroll            ||     3
 Stab: Sleeping          ||     1
Armor: Robe              ||    16
Dodge: Dodged            ||     6
Block: Kite shield       ||    13

Table legend: (Time is in decaauts)
 A = Elapsed time spent in this place.
 B = Non-inter-level travel time spent in this place.
 C = Inter-level travel time spent in this place.
 D = Time resting spent in this place.
 E = Time spent auto-exploring this place.
 F = Levels seen in this place.
 G = Mean time per level.
                   A        B        C        D        E       F      G
               +--------+--------+--------+--------+--------+-----+--------+
         Total |    370 |    370 |      0 |      4 |    124 |   1 |  370.0 |
       Dungeon |    370 |    370 |      0 |      4 |    124 |   1 |  370.0 |
               +--------+--------+--------+--------+--------+-----+--------+

Top non-repeatable levels by time:
     D:1: 370 daAuts
